 Dungeon Crawl Stone Soup version 0.16-a0-3939-g9a3e665 (webtiles) character file.

708 Herrn the Skirmisher (level 7, -2/47 HPs)
             Began as a Gargoyle Hunter on Feb 6, 2015.
             Slain by Herrn's ghost (4 damage)
             ... on level 4 of the Dungeon.
             The game lasted 00:18:04 (3956 turns).

Herrn the Skirmisher (Gargoyle Hunter)              Turns: 3956, Time: 00:18:05

Health: -2/47      AC: 16    Str: 17    XL:     7   Next: 67%
Magic:  7/7        EV:  8    Int: 12    God:
Gold:   151        SH:  0    Dex: 10    Spells: 0 memorised, 6 levels left

rFire  . . .     SeeInvis .     n - +0 broad axe
rCold  + . .     Clarity  .     e - +0 chain mail
rNeg   + . .     SustAb   +     (no shield)
rPois  ∞         Gourm    .     (no helmet)
rElec  +         Spirit   .     B - +0 cloak {+Inv}
rCorr  .         Warding  .     w - +1 pair of gloves
rMut   .         Stasis   .     p - +0 pair of boots
MR     .....                    (no amulet)
Stlth  ..........               A - ring of protection from cold
                                k - ring of sustain abilities

@: slowed, very slow, not resistant to hostile enchantments, extremely
unstealthy
A: negative energy resistance 1, electricity resistance, unbreathing,
petrification resistance, rot immunity, AC +4
a: Evoke Invisibility


You were on level 4 of the Dungeon.
You were very hungry.

You visited 1 branch of the dungeon, and saw 4 of its levels.

You collected 151 gold pieces.

Inventory:

Hand weapons
 a - a +0 short sword
 b - a +1 hand crossbow
 h - a cursed +0 mace
 n - a +0 broad axe (weapon)
 r - a +0 hand axe
Missiles
 c - 9 bolts
Armour
 e - a +0 chain mail (worn)
 l - a +0 leather armour
 o - a +2 robe of cold resistance
 p - a +0 pair of boots (worn)
 w - a +1 pair of gloves (worn)
 B - a +0 cloak of invisibility (worn)
Jewellery
 k - a ring of sustain abilities (left hand)
 A - a ring of protection from cold (right hand)
Scrolls
 d - a scroll of teleportation
 g - a scroll of fear
 i - a scroll of random uselessness
 j - a scroll of blinking
 q - a scroll of enchant armour
Potions
 u - a potion of curing {unknown}
Comestibles
 f - 4 bread rations
 m - 3 meat rations
 s - a beef jerky
 t - 5 chunks of flesh
 z - 2 fruits


   Skills:
 * Level 6.4 Fighting
 * Level 3.3 Axes
 - Level 4.0 Crossbows
 + Level 4.0 Dodging
 - Level 1.1 Stealth


You had 6 spell levels left.
You didn't know any spells.

Dungeon Overview and Level Annotations

Branches:
Dungeon (4/15)
 Temple: D:4-7

Altars:
Dithmenos
Fedhas
Ru

Shops:
D:4 =

Annotations:
D:3 fd's ghost, average HuFi
D:4 Herrn's ghost, experienced FoFi


Innate Abilities, Weirdness & Mutations

You are resistant to torment.
You are immune to poison.
Your stone body is very resilient (AC +4).
You resist negative energy.
You are resistant to electric shocks.
You can survive without breathing.
You are immune to petrification.
You are immune to rotting.


Message History

You closely miss Herrn's ghost.
Herrn's ghost is heavily damaged.
Herrn's ghost hits you.
* * * LOW HITPOINT WARNING * * *
Herrn's ghost burns you.
* * * LOW HITPOINT WARNING * * *
Herrn's ghost screams, "You must not fail where I succeeded!"
Herrn's ghost hits you.
* * * LOW HITPOINT WARNING * * *
Herrn's ghost burns you.
* * * LOW HITPOINT WARNING * * *
You slash Herrn's ghost!
Herrn's ghost is severely damaged.
You feel less woody.
Your +0 cloak of invisibility unmelds from your body.
Your +1 pair of gloves unmelds from your body.
Your +0 pair of boots unmelds from your body.
Your +0 chain mail unmelds from your body.
You become transparent for a moment.
Herrn's ghost hits you.
You die...

**,,,,,,** **,,,,,,,,*
**,,,,,,,,,, *,,,,,,,,,,*
*,,,,,,,,,** *,,,,,,,,,* *******
####### *,,,,,,,,,* ****,,,,,*
#...).# *,,,,,,,,,*
,,,,,.+#######'W@# **,,*,,,,,,**
,,....#...#...#))####.♣r∩.*,,,,,,
......#...#..o#.........♣,,,,**,,
......#....l..#####.#.....,,,,,,*
......###._.###,,**,#,,,.,,,,*,,,
......#..o....#,,**,*,,,,,,,,,,**
$.....#.).#...#,,,,,,,,,,,,,,,***
......#((.#...#,,,,,,,,,,,,,,**##
......†#######+,,,,,,,,,,,,,,**#<


You could see Herrn's ghost.

Vanquished Creatures
  A phantom (D:4)
  An ogre (D:4)
  Sigmund (D:2)
  2 scorpions
  4 hounds (D:4)
  An orc wizard (D:4)
  Crazy Yiuf (D:3)
  4 gnolls (D:3)
  7 adders
  2 worms
  A giant gecko (D:2)
  7 orcs (D:4)
  11 bats
  3 giant cockroaches (D:2)
  13 hobgoblins
  8 jackals
  12 kobolds
  4 quokkas
  A ball python (D:1)
  6 giant newts
  10 goblins
  8 rats
108 creatures vanquished.

Notes
Turn   | Place    | Note
--------------------------------------------------------------
     0 | D:1      | Herrn, the Gargoyle Hunter, began the quest for the Orb.
     0 | D:1      | Reached XP level 1. HP: 12/12 MP: 1/1
   107 | D:1      | Reached XP level 2. HP: 18/18 MP: 2/2
   680 | D:1      | Reached XP level 3. HP: 23/23 MP: 3/3
   787 | D:2      | Noticed Sigmund
   795 | D:2      | Killed Sigmund
   795 | D:2      | Reached skill level 5 in Fighting
   795 | D:2      | Reached XP level 4. HP: 20/31 MP: 4/4
   795 | D:2      | Reached XP level 5. HP: 22/35 MP: 5/5
  1262 | D:2      | Found a blossoming altar of Fedhas.
  1393 | D:2      | Found a shadowy altar of Dithmenos.
  1481 | D:2      | Reached skill level 1 in Axes
  1986 | D:3      | Noticed fd's ghost (average HuFi)
  2449 | D:3      | Reached XP level 6. HP: 14/40 MP: 6/6
  2924 | D:3      | Noticed Crazy Yiuf
  2928 | D:3      | Killed Crazy Yiuf
  3402 | D:4      | Reached XP level 7. HP: 9/45 MP: 7/7
  3590 | D:4      | Reached skill level 6 in Fighting
  3898 | D:4      | Found a sacrificial altar of Ru.
  3933 | D:4      | Noticed Herrn's ghost (experienced FoFi)
  3933 | D:4      | Found Ankashre's Jewellery Shoppe.
  3955 | D:4      | HP: 3/70 [Herrn's ghost (1)]
  3956 | D:4      | Slain by Herrn's ghost

Action                   |  1- 3 |  4- 6 |  7- 9 || total
-------------------------+-------+-------+-------++-------
Melee: Hand axe          |       |   180 |    44 ||   224
       Broad axe         |       |       |    49 ||    49
 Fire: Hand crossbow     |    66 |    42 |       ||   108
  Use: Scroll            |       |     6 |     2 ||     8
       Potion            |       |     4 |     2 ||     6
 Stab: Paralysed         |       |       |     1 ||     1
  Eat: Chunk             |       |     8 |     1 ||     9
